 Dungeon Crawl Stone Soup version 0.30.1-11-g7821555f0a (webtiles) character file.

Game seed: 14272064929207969763

109 Kallu the Chopper (level 4, -1/41 HPs)
             Began as a Hill Orc Fighter on Dec 27, 2023.
             Constricted to death by Grinder (4 damage)
             ... on level 3 of the Dungeon.
             The game lasted 00:03:00 (1729 turns).

Kallu the Chopper (Hill Orc Fighter)                Turns: 1729, Time: 00:03:00

Health: -1/41      AC:  8    Str: 20    XL:     4   Next: 89%
Magic:  4/4        EV:  6    Int:  8    God:
Gold:   126        SH:  4    Dex: 10    Spells: 3/3 levels left

rFire   . . .        a - +0 war axe
rCold   . . .        c - +0 buckler
rNeg    . . .        b - +0 scale mail
rPois   +            (no helmet)
rElec   .            (no cloak)
rCorr   .            o - +0 pair of gloves
SInv    .            (no boots)
Will    .....        (no amulet) Stlth
                     l - ring of poison resistance
HPRegen 0.26/turn    (no ring)
MPRegen 0.09/turn

%: no passive effects
@: grasped by roots, constricted
A: no striking features
a: no special abilities


You were on level 3 of the Dungeon.
You visited 1 branch of the dungeon, and saw 3 of its levels.

You collected 126 gold pieces.

Inventory:

Hand Weapons
 a - a +0 war axe (weapon)
Missiles
 i - 2 datura-tipped darts (quivered)
 m - 5 poisoned darts
Armour
 b - a +0 scale mail (worn)
 c - a +0 buckler (worn)
 o - a +0 pair of gloves (worn)
Jewellery
 l - a ring of poison resistance (left hand)
Wands
 p - a wand of polymorph (6)
Scrolls
 f - a scroll of enchant armour {unknown}
 n - 4 scrolls of immolation {unknown}
 r - a scroll of vulnerability {unknown}
Potions
 d - a potion of might
 e - 2 potions of curing {unknown}
 g - a potion of magic {unknown}
 h - a potion of haste {unknown}
 j - 2 potions of degeneration {unknown}
 k - 2 potions of mutation {unknown}
 q - a potion of attraction {unknown}


   Skills:
 + Level 4.7 Fighting
 * Level 5.5 Axes
 - Level 3.2 Armour
 - Level 3.2 Shields


You had 3 spell levels left.
You didn't know any spells.
Your spell library contained the following spells:

 Spells                   Type           Power      Damage    Failure   Level
 Sandblast                Erth           0%         2d4       83%         1
 Slow                     Hex            0%         N/A       83%         1
 Passwall                 Tmut/Erth      0%         N/A       93%         2
 Confusing Touch          Hex            0%         N/A       99%         3
 Stone Arrow              Conj/Erth      0%         3d7       99%         3
 Vampiric Draining        Necr           0%         2d6       99%         3


Dungeon Overview and Level Annotations

Branches:
Dungeon (3/15)

Altars:

Shops:
D:1 [

Annotations:
D:3 Grinder


Message History

Grinder gestures at you.
You barely resist. The grasping roots constrict you. Grinder gestures at you.
You suddenly lose the ability to move!
The grasping roots constrict you. Grinder hits you!
The grasping roots constrict you.
The grasping roots release their grip on you.
Grinder hits you.
You writhe in agony.
Grinder gestures at you.
You shrug off the repeated paralysis!
Grinder zaps a wand.
The roots erupt in riotous growth!
The grasping roots grab you!
Grinder is unaffected.
The grasping roots constrict you.
You hear an angry hiss.
You can move again.
Unknown command.
Unknown command.
You slash Grinder!
Grinder is heavily wounded.
Grinder hits you but does no damage. The grasping roots constrict you.
The grasping roots release their grip on you.
You barely miss Grinder.
Grinder is heavily wounded.
Grinder zaps a wand.
The roots erupt in riotous growth!
The grasping roots grab you!
Grinder is unaffected.
The grasping roots constrict you.
Unknown command.
Unknown command.
You barely miss Grinder.
Grinder is heavily wounded.
Grinder gestures at you. Pain shoots through your body!
The grasping roots constrict you.
* * * LOW HITPOINT WARNING * * *
Grinder drinks a potion.
Grinder is healed!
The grasping roots constrict you.
* * * LOW HITPOINT WARNING * * *
You slash Grinder!
Grinder is moderately wounded.
Grinder hits you.
* * * LOW HITPOINT WARNING * * *
The grasping roots constrict you.
You die...

#.# #.# #.# #5# ## #.# . #.# ##
.#.# #.#####......#####.#.# .##
......... #....5...#.# ...#
.######.. #.# #@# #.# ... .. .#
#.. #.# #.# #.# ... .. <# #.. #.#
#.# #.# #.# .# .# #..
#.####<###.# #.# .#
.######..##..........#####.# ..
>..........................####.#
########.#######.#########.......
#. ..........<........ #.
##################..


You could see Grinder.

Vanquished Creatures
  Jessica (D:2)
  Natasha (D:3)
  3 adders
  2 worms (D:2)
  A giant cockroach (D:2)
  2 goblins
  2 hobgoblins
  3 jackals (D:1)
  A kobold (D:2)
  4 ball pythons
  2 bats
  4 frilled lizards
  3 rats
29 creatures vanquished.

Notes
Turn   | Place    | Note
-------+----------+-------------------------------------------
     0 | D:1      | Kallu the Hill Orc Fighter began the quest for the Orb.
     0 | D:1      | Reached XP level 1. HP: 19/19 MP: 1/1
   184 | D:1      | Reached skill level 3 in Axes
   218 | D:1      | Found Zoxuod's Armour Shoppe.
   469 | D:1      | Reached XP level 2. HP: 27/27 MP: 2/2
   472 | D:1      | Found a faded altar of an unknown god.
   761 | D:2      | Noticed Jessica
   977 | D:2      | Reached skill level 4 in Axes
  1045 | D:1      | Reached XP level 3. HP: 22/33 MP: 3/3
  1092 | D:2      | Killed Jessica
  1093 | D:2      | Reached XP level 4. HP: 32/41 MP: 4/4
  1258 | D:2      | Reached skill level 5 in Axes
  1459 | D:3      | Noticed Grinder
  1470 | D:3      | Paralysed by Grinder for 3 turns
  1634 | D:3      | Noticed Natasha
  1640 | D:3      | Killed Natasha
  1721 | D:3      | Paralysed by Grinder for 5 turns
  1729 | D:3      | Constricted to death by Grinder

Illustrated notes

Levels and vault maps discovered:
D:1:      nicolae_arrival_somewhat_less_tricky_arrival, layout_loops_ring,
          basic_ecumenical_altar, serial_shops, shop
D:2:      wander_river, layout_rooms, dk_noncrumbling_2, uniq_jessica
D:3:      layout_loops_ring, serial_shops, nicolae_diamond_shop,
          kennysheep_boxes, uniq_grinder, uniq_natasha, uniq_robin

Skill      XL: |  1  2  3  4 |
---------------+-------------+-----
Axes           | 3 4 5 |  5.5
Fighting       | 4 |  4.7
Armour         | |  3.2
Shields        | |  3.2

Action                     |  1- 3 |  4- 6 || total
---------------------------+-------+-------++-------
  Melee: War axe           |    57 |    36 ||    93
         Unarmed           |    10 |       ||    10
 Armour: Scale mail        |    32 |    10 ||    42
  Dodge: Dodged            |    42 |    11 ||    53
  Block: Buckler           |    14 |     4 ||    18
